 Dungeon Crawl Stone Soup version 0.23.2-40-g277498a001 (webtiles) character file.

Game seed: 9728248258558991610

107742 Htamos the Unseen (level 16, -3/80 HPs)
             Began as a Spriggan Conjurer on Aug 28, 2019.
             Was an Initiate of Gozag.
             Slain by a death scarab (10 damage)
             ... in a Gauntlet.
             The game lasted 03:02:14 (44123 turns).

Htamos the Unseen (Spriggan Conjurer)              Turns: 44123, Time: 03:02:15

Health: -3/80      AC:  4    Str:  4    XL:     16   Next: 1%
Magic:  0/36       EV: 26    Int: 29    God:    Gozag
Gold:   3137       SH: 11    Dex: 16    Spells: 27/45 levels left

rFire    . . .     SeeInvis +   k - +3 dagger (holy)
rCold    . . .     Gourm    .   t - +3 buckler
rNeg     . . .     Faith    .   G - +2 robe {MR+}
rPois    .         Spirit   +   (helmet restricted)
rElec    .         Reflect  .   o - scarf {cloud immunity}
rCorr    .         Harm     .   (gloves unavailable)
MR       +++..     NoTele   +   (boots unavailable)
Stlth    ++++++++++             H - amulet of guardian spirit
HPRegen  0.23/turn              N - ring of Shadows {Umbra +Inv Stlth+}
MPRegen  0.25/turn              Q - +5 ring of intelligence

@: gold aura, very slightly contaminated, slowed, wreathed by umbra, studying
Crossbows, lightly drained, quick
A: very small, unfitting armour, see invisible, herbivore, speed 3, slow
metabolism 2
a: Potion Petition, Call Merchant, Bribe Branch, Renounce Religion, Evoke
Invisibility


You were in a Gauntlet.
You worshipped Gozag.
Gozag was most pleased with you.
You were hungry.

You visited 4 branches of the dungeon, and saw 21 of its levels.
You also visited: Ossuary, Bailey, Gauntlet and Volcano.

You collected 7523 gold pieces.
You spent 2919 gold pieces at shops.
You paid 1467 gold pieces to Gozag.

Inventory:

Hand Weapons
 k - a +3 dagger of holy wrath (weapon)
 q - a +8 dagger of venom
 D - the +5 long sword "Tattletale" {chaos, +Rage rF- rN++}
   (You found it on level 4 of the Dungeon)

   Each time it hits an enemy it has a different, random effect.
   It makes you vulnerable to fire.
   It greatly protects you from negative energy.
   It lets you go berserk.
 R - a +2 demon blade of flaming
Missiles
 I - 6 throwing nets (quivered)
Armour
 b - the +0 cloak "Niuc" {Dex+5 Stlth+, unknown}
   (You found it in a Gauntlet)

   It affects your dexterity (+5).
   It makes you more stealthy.
 o - a scarf of cloud immunity (worn)
 t - a +3 buckler (worn)
 w - a +2 robe of fire resistance
 G - a +2 robe of magic resistance (worn)
 T - a +2 robe of cold resistance
Magical Staves
 F - an uncursed staff of poison
Jewellery
 d - an uncursed amulet of the acrobat
 g - a +5 amulet of reflection
 l - a cursed -2 ring of evasion {unknown}
 p - an uncursed ring of fire
 r - an uncursed amulet of regeneration
 s - an uncursed ring of magical power
 H - an amulet of guardian spirit (around neck)
 N - the ring of Shadows (left hand) {Umbra +Inv Stlth+}
   (You bought it in a shop on level 13 of the Dungeon)

   [ring of stealth]

   It lets you turn invisible.
   It makes you more stealthy.
 Q - a +5 ring of intelligence (right hand)
 Y - an uncursed amulet of rage
Wands
 u - a wand of iceblast (17)
 B - a wand of enslavement (8)
 O - a wand of digging (9)
 S - a wand of flame (39)
 W - a wand of polymorph (37)
Scrolls
 e - 6 scrolls of fog
 f - 9 scrolls of remove curse
 m - 4 scrolls of immolation
 n - 3 scrolls of amnesia
 y - 3 scrolls of noise
 J - 2 scrolls of enchant armour
 U - 12 scrolls of identify
 V - 3 scrolls of magic mapping
 X - a scroll of torment {unknown}
Potions
 a - 9 potions of haste
 h - 5 potions of curing
 i - a potion of ambrosia {unknown}
 j - a potion of resistance
 v - 2 potions of degeneration
 A - 2 potions of brilliance
 C - 2 potions of flight
 M - 3 potions of mutation
Books
 E - a manual of Crossbows
Miscellaneous
 x - a fan of gales (inert)
 Z - a lamp of fire (inert)
Comestibles
 c - 22 rations


   Skills:
 - Level 7.0(6.5) Fighting
 - Level 10.0(9.4) Short Blades
 + Level 11.4(10.9) Dodging
 - Level 16.5(15.9) Stealth
 + Level 7.5(6.9) Shields
 + Level 15.3(14.6) Spellcasting
 - Level 4.3(3.8) Conjurations
 - Level 5.0(4.5) Summonings
 - Level 13.4(12.8) Transmutations
 - Level 5.6(5.1) Air Magic


You had 27 spell levels left.
You knew the following spells:

 Your Spells              Type           Power        Failure   Level  Hunger
a - Magic Dart            Conj           ####         1%          1    None
b - Iskenderun's Mystic   Conj           #####...     4%          4    None
c - Statue Form           Tmut/Erth      ######...    26%         6    ####...
d - Summon Lightning Spi  Summ/Air       #####...     3%          4    None
e - Summon Guardian Gole  Hex/Summ       ####....     2%          3    None

Your spell library contained the following spells:

 Spells                   Type           Power        Failure   Level  Hunger
 Beastly Appendage        Tmut           ######       0%          1    None
 Summon Small Mammal      Summ           ####         1%          1    None
 Call Imp                 Summ           #####...     1%          2    None
 Poisonous Vapours        Pois/Air       #####.       1%          2    None
 Searing Ray              Conj           #####.       1%          2    None
 Sticks to Snakes         Tmut           #######.     1%          2    None
 Throw Frost              Conj/Ice       ####..       1%          2    None
 Call Canine Familiar     Summ           #####...     1%          3    None
 Mephitic Cloud           Conj/Pois/Air  #####...     1%          3    None
 Spider Form              Tmut/Pois      ######....   1%          3    None
 Ice Form                 Ice/Tmut       ######..     1%          4    None
 Blade Hands              Tmut           #######...   1%          5    None
 Hydra Form               Tmut           #######...   1%          6    ####...
 Animate Skeleton         Necr           N/A          2%          1    None
 Apportation              Tloc           ###...       2%          1    None
 Confusing Touch          Hex            ###...       2%          1    None
 Corona                   Hex            ###....      2%          1    None
 Freeze                   Ice            ###.         2%          1    None
 Irradiate                Conj/Tmut      ######....   2%          5    None
 Slow                     Hex            ###.....     3%          2    None
 Conjure Flame            Conj/Fire      ####....     3%          3    None
 Dazzling Spray           Conj/Hex       ####..       3%          3    None
 Inner Flame              Hex/Fire       ###.....     7%          3    None
 Ozocubu's Armour         Chrm/Ice       ###.....     7%          3    None
 Portal Projectile        Hex/Tloc       ###...       7%          3    None
 Summon Ice Beast         Ice/Summ       ####....     10%         4    None
 Force Lance              Conj/Tloc      ####....     11%         4    None
 Fulminant Prism          Conj/Hex       ####......   11%         4    None
 Throw Icicle             Conj/Ice       ####....     11%         4    None
 Dragon Form              Tmut           #######...   11%         7    #####..
 Cause Fear               Hex            ###.......   24%         4    None
 Leda's Liquefaction      Hex/Erth       ###.......   24%         4    None
 Freezing Cloud           Conj/Ice/Air   #####.....   71%         6    ####...
 Ring of Flames           Chrm/Fire      ###.......   100%        7    #####..


Dungeon Overview and Level Annotations

Branches:
Dungeon (15/15)            Temple (1/1) D:5            Lair (3/6) D:9
    Orc (2/2) D:10            Elf (0/3) Orc:2        Vaults (0/5) D:14
 Depths (0/5) D:15
  Swamp: Lair:2-4    Shoals: Lair:2-4     Snake: Lair:2-4    Spider: Lair:2-4

Altars:
Ashenzari
Cheibriados
Dithmenos
Elyvilon
Fedhas
Gozag
Hepliaklqana
Kikubaaqudgha
Makhleb
Nemelex Xobeh
Okawaru
Qazlal
Ru
Sif Muna
Trog
Uskayaw
Vehumet
Wu Jian
Xom
Yredelemnul
Zin
The Shining One
Beogh

Shops:
D:6 :   D:8 %   D:13 =!   Orc:2 :(!:*

Annotations:
D:7 2 runed translucent doors, Melior's ghost, novice DsWz
Lair:1 2 transporters, Uziduoj's ghost, journeyman MfSu Gauntlet 11 transporters, 1 runed translucent door


Innate Abilities, Weirdness & Mutations

You are very small and have problems with some larger weapons.
You are too small for most types of armour.
You have supernaturally acute eyesight. (SInv)
You are a herbivore.
You cover ground extremely quickly.
You need to consume almost no food.


Message History

You see here 6 gold pieces.
Unknown command.
The death scarab misses you. The death scarab closely misses you.
The spectral black mamba is lost in a daze.
You block the death scarab's attack. You block the death scarab's attack.
The death scarab enters a dispersal trap!
The death scarab blinks!
There is a transporter landing site here.
The death scarab is no longer dazed.
The death scarab bites you!
* * * LOW MAGIC WARNING * * *;
* * * LOW HITPOINT WARNING * * *
The death scarab drains your vigour!
You feel as though you will be slow longer.
The death scarab draws strength from your injuries!
Unknown command.
You feel better. The death scarab completely misses you.
The death scarab bites you!
* * * LOW MAGIC WARNING * * *
You die...
Your body crumbles into a pile of gold.

#§.§...............∩..8..∩.
##.8.....8.....8......©....
#§.......©.......##########
##...#########...#...5.....
#§...#.Z.....#...#5#...#^#.
##...#.####..#...#5^.###...
#≈...#.#..##Z#...#p###..p#5
##.8.#..#©.#.#.8.#^#..©#^#.
#≈...#.§##@#.#...#5..###^..
##...#...s##.#...#p#^#...#^
#≈...#..}©?$.#...#5#...###^
##...#########...#..)$©.[..
#≈.....#.©.#.....##########
##.8...#.8.#...8....#.©.#..
##......#.©.#........#...#..
#≈...###########.....#.©.#..
##...#.....WW..#...#########


You could see a spectral black mamba (dazed) and a death scarab.

Vanquished Creatures
  Jorgrun (D:13)
  Agnes (D:14)
  Kirke (D:15)
  An orc warlord (Orc:1)
  Josephine (D:15)
  2 fire dragons
  A merfolk impaler (D:15)
  2 ogre magi
  The ghost of Duaji the Blocker, a journeyman GrFi of Okawaru (Lair:2)
  A hydra (D:12)
  Erolcha (D:9)
  4 centaur warriors
  A death knight (D:15)
  6 two-headed ogres
  A death scarab (Gauntlet)
  2 tengu warriors
  An orc high priest (Orc:1)
  Nergalle (Lair:2)
  2 slime creatures (D:12)
  2 skeletal warriors (D:15)
  6 unseen horrors
  A sixfirhy (D:12)
  3 wizards (D:14)
  2 wolf spider zombies
  An ugly thing (D:11)
  The ghost of Cykl0x the Shield-Bearer, a novice FoFi (D:4)
  4 orc knights (Orc:1)
  12 orc sorcerers
  A cyclops (D:14)
  2 manticores
  2 centaur zombies
  4 spiny frogs
  2 molten gargoyles (Volcano)
  3 gargoyles
  A kobold demonologist (D:11)
  A freezing wraith (D:15)
  A komodo dragon (Lair:1)
  A tengu conjurer (D:14)
  4 trolls
  3 meliai (D:15)
  9 blink frogs
  A spectral dream sheep (Gauntlet)
  2 hippogriffs
  A hornet (D:13)
  Sigmund (D:3)
  11 wraiths
  2 vampires
  2 fire bats (Volcano)
  3 wyverns
  2 shadows
  19 yaks
  4 hogs (D:15)
  4 hungry ghosts
  19 humans (D:14)
  2 basilisks
  2 wargs (Orc:1)
  3 water moccasins
  4 porcupines
  3 sky beasts
  2 black bears
  4 ice beasts
  3 phantoms
  30 orc warriors
  10 ogres
  7 wolves
  14 centaurs
  3 crocodiles
  4 big kobolds
  14 bullfrogs
  Blork the orc (D:4)
  8 gnoll sergeants (Bailey)
  A wyvern skeleton (D:13)
  27 killer bees
  9 scorpions
  8 howler monkeys
  8 wights
  3 electric eels (D:9)
  3 crimson imps
  3 bullfrog zombies
  5 lava snakes (Volcano)
  3 centaur skeletons
  8 gnoll shamans
  8 hounds
  8 jellies
  4 bullfrog skeletons
  5 iguanas
  19 orc priests
  42 orc wizards
  9 worker ants
  A killer bee zombie (D:6)
  A mummy (Ossuary)
  26 gnolls
  13 adders
  7 shadow imps
  5 oozes (D:9)
  An adder zombie (D:9)
  2 adder skeletons
  2 worms
  2 dart slugs (D:3)
  10 leopard geckos
  83 orcs
  7 bats
  3 giant cockroaches
  9 goblins
  10 hobgoblins
  9 jackals
  23 kobolds
  5 quokkas
  A ball python (D:3)
  5 frilled lizards
  2 gnoll skeletons (Ossuary)
  10 kobold skeletons (Ossuary)
  13 orc skeletons (Ossuary)
  A quokka zombie (D:7)
  5 rats
711 creatures vanquished.

Vanquished Creatures (collateral kills)
  The ghost of PeSeC the Tortoise, a journeyman MiFi of Okawaru (D:14)
  A minotaur (D:15)
  A merfolk javelineer (D:15)
  A vault guard (D:14)
  An ice dragon (D:15)
  A hydra (D:12)
  A naga warrior (D:15)
  2 two-headed ogres (Volcano)
  A tengu warrior (D:14)
  A hell knight (Volcano)
  3 skeletal warriors (D:15)
  A deep elf archer (D:15)
  A necromancer (D:14)
  A queen bee (D:15)
  4 blink frogs
  A slime creature (D:12)
  A human (D:14)
  A wraith (D:14)
  A warg (Orc:1)
  4 orc warriors
  An ogre (Orc:1)
  5 killer bees (D:15)
  A wight (D:9)
  2 gnolls
  An orc (Orc:1)
39 creatures vanquished.

Vanquished Creatures (others)
  A two-headed ogre (Volcano)
  3 humans (D:15)
  A wolf (D:9)
  An orc wizard (Orc:1)
  A quokka (D:15)
  A plant (Lair:2)
8 creatures vanquished.

Grand Total: 758 creatures vanquished

Notes
Turn   | Place    | Note
-------+----------+-------------------------------------------
     0 | D:1      | Htamos the Spriggan Conjurer began the quest for the Orb.
     0 | D:1      | Reached XP level 1. HP: 9/9 MP: 5/5
   288 | D:1      | Reached XP level 2. HP: 9/14 MP: 0/6
   666 | D:1      | Reached skill level 4 in Stealth
   841 | D:1      | Reached XP level 3. HP: 17/17 MP: 0/8
  1872 | D:2      | Reached skill level 1 in Fighting
  2475 | D:2      | Found a burning altar of Makhleb.
  2855 | D:2      | Reached skill level 1 in Short Blades
  2855 | D:2      | Reached XP level 4. HP: 22/22 MP: 9/9
  2896 | D:3      | Reached skill level 5 in Stealth
  2897 | D:3      | Found a sparkling altar of Nemelex Xobeh.
  3477 | D:3      | Noticed Sigmund
  3584 | D:3      | Reached XP level 5. HP: 25/25 MP: 11/11
  3804 | D:3      | Found a stormy altar of Qazlal.
  3878 | D:3      | Found a faded altar of an unknown god.
  4320 | D:4      | Noticed an ogre
  5187 | D:3      | Reached skill level 6 in Stealth
  5225 | D:4      | Reached XP level 6. HP: 30/30 MP: 10/13
  5231 | D:4      | Learned a level 4 spell: Iskenderun's Mystic Blast
  5238 | D:4      | Learned a level 6 spell: Statue Form
  5567 | D:4      | Reached skill level 5 in Dodging
  5567 | D:4      | Reached skill level 1 in Transmutations
  5589 | D:4      | Noticed Blork the orc
  5609 | D:4      | Killed Blork the orc
  5825 | D:4      | Reached XP level 7. HP: 35/35 MP: 14/14
  5861 | D:4      | Found a runed translucent gate.
  5861 | D:4      | Found a runed translucent gate.
  5861 | D:4      | Found a runed translucent gate.
  5872 | D:4      | Noticed Cykl0x's ghost (novice FoFi)
  5879 | D:4      | Identified the +0 whip "Qasch" {elec, rPois MR+}
  6209 | D:4      | Got a bloodstained long sword
  6210 | D:4      | Identified the +5 long sword "Tattletale" {chaos, +Rage rF-
                  | rN++} (You found it on level 4 of the Dungeon)
  6497 | D:3      | Killed Sigmund
  6497 | D:3      | Reached skill level 7 in Stealth
  6725 | D:4      | Reached skill level 5 in Spellcasting
  7359 | D:4      | Killed Cykl0x's ghost
  7359 | D:4      | Reached XP level 8. HP: 40/40 MP: 17/17
  7452 | D:5      | Entered Level 5 of the Dungeon
  7452 | D:5      | Found a sand-covered staircase.
  7457 | Ossuary  | Entered an ossuary
  7776 | Ossuary  | Reached skill level 8 in Stealth
  7843 | D:5      | Found a shattered altar of Ashenzari.
  8251 | D:5      | Found an ancient bone altar of Kikubaaqudgha.
  8462 | D:5      | Found a staircase to the Ecumenical Temple.
  8474 | Temple   | Entered the Ecumenical Temple
  8744 | Temple   | Became a worshipper of Gozag Ym Sagoz the Greedy
  9064 | D:5      | Reached XP level 9. HP: 31/44 MP: 19/19
  9612 | D:6      | Reached skill level 5 in Transmutations
  9662 | D:5      | Found a glowing golden altar of the Shining One.
 10265 | D:6      | Reached skill level 5 in Short Blades
 10324 | D:6      | Reached skill level 9 in Stealth
 10450 | D:6      | Found Kyodghapn's Book Shoppe.
 10455 | D:6      | Bought a book of Callings for 360 gold pieces
 10461 | D:6      | Learned a level 4 spell: Summon Lightning Spire
 10837 | D:7      | Found a blossoming altar of Fedhas.
 11733 | D:7      | Reached skill level 1 in Air Magic
 11846 | D:7      | Found Pyheh's Weapon Shop.
 11895 | D:7      | Found a large runed translucent door.
 11895 | D:7      | Found a large runed translucent door.
 11897 | D:7      | Noticed Melior's ghost (novice DsWz)
 12108 | D:7      | Reached skill level 1 in Summonings
 13279 | D:8      | Noticed a two-headed ogre
 13313 | D:8      | Reached XP level 10. HP: 43/51 MP: 21/21
 14355 | D:8      | Killed a two-headed ogre
 14355 | D:8      | Reached skill level 10 in Stealth
 14355 | D:8      | Reached skill level 1 in Shields
 14509 | D:8      | Found a radiant altar of Vehumet.
 15029 | D:9      | Found a hide-covered altar of Uskayaw.
 15573 | D:9      | Noticed Erolcha
 15681 | D:9      | Noticed a two-headed ogre
 15814 | D:9      | Killed a two-headed ogre
 15969 | D:9      | Noticed an unseen horror
 16012 | D:9      | Killed an unseen horror
 16012 | D:9      | Reached XP level 11. HP: 43/54 MP: 14/24
 16309 | D:8      | Bought a ration for 65 gold pieces
 16309 | D:8      | Bought a ration for 65 gold pieces
 16309 | D:8      | Bought a ration for 65 gold pieces
 16309 | D:8      | Bought a ration for 65 gold pieces
 16309 | D:8      | Bought a ration for 65 gold pieces
 16309 | D:8      | Bought a ration for 65 gold pieces
 16473 | D:9      | Reached XP level 12. HP: 50/63 MP: 23/25
 16629 | D:9      | Killed Erolcha
 16629 | D:9      | Reached skill level 11 in Stealth
 16755 | D:9      | Found a staircase to the Lair.
 17077 | D:10     | Entered Level 10 of the Dungeon
 17104 | D:10     | Found a flagged portal.
 17126 | Bailey   | Entered a bailey
 18438 | D:10     | Reached skill level 10 in Short Blades
 18539 | D:10     | Noticed a two-headed ogre
 18756 | D:9      | Killed a two-headed ogre
 20282 | D:10     | Found a staircase to the Orcish Mines.
 20471 | Orc:1    | Entered Level 1 of the Orcish Mines
 20505 | Orc:1    | Found a roughly hewn altar of Beogh.
 20526 | Orc:1    | Found a dark tunnel.
 20531 | Volcano  | Entered a volcano
 21133 | Volcano  | Found a burning altar of Makhleb.
 21133 | Volcano  | Noticed a two-headed ogre
 21133 | Volcano  | Noticed an ogre mage
 21133 | Volcano  | Noticed a two-headed ogre
 21133 | Volcano  | Noticed a two-headed ogre
 21212 | Volcano  | Killed a two-headed ogre
 21265 | Volcano  | Killed a two-headed ogre
 21265 | Volcano  | Reached skill level 12 in Stealth
 21288 | Volcano  | Killed an ogre mage
 21396 | Volcano  | Killed a two-headed ogre
 21512 | Volcano  | Noticed a two-headed ogre
 21523 | Volcano  | Killed a two-headed ogre
 21523 | Volcano  | Reached skill level 5 in Air Magic
 21659 | Orc:1    | Found a roughly hewn altar of Beogh.
 21698 | Orc:1    | Found a roughly hewn altar of Beogh.
 22347 | Orc:1    | Noticed an orc warlord
 22373 | Orc:1    | Reached XP level 13. HP: 56/67 MP: 27/27
 22378 | Orc:1    | Killed an orc warlord
 22563 | Orc:1    | Reached skill level 5 in Summonings
 22776 | Orc:1    | Reached skill level 10 in Spellcasting
 23552 | Orc:1    | Found a roughly hewn altar of Beogh.
 23946 | Orc:1    | Reached skill level 13 in Stealth
 23990 | Orc:1    | Reached skill level 10 in Transmutations
 24204 | Orc:2    | Entered Level 2 of the Orcish Mines
 24990 | Orc:2    | Found a staircase to the Elven Halls.
 25113 | Orc:2    | Found Veariwon's Assorted Antiques.
 25122 | Orc:2    | Bought a potion of heal wounds for 145 gold pieces
 25122 | Orc:2    | Bought a scroll of teleportation for 87 gold pieces
 25122 | Orc:2    | Bought a scroll of teleportation for 87 gold pieces
 25518 | Orc:2    | Found Anig Ixa's Distillery.
 25653 | Orc:2    | Bought a potion of experience for 750 gold pieces
 25655 | Orc:2    | Reached XP level 14. HP: 72/72 MP: 31/31
 25679 | Orc:2    | Found a radiant altar of Vehumet.
 25690 | Orc:2    | Found Zifutoan's Antique Weapon Shoppe.
 25833 | Orc:2    | Found Ephuux's Book Emporium.
 25872 | Orc:2    | Found an ancient bone altar of Kikubaaqudgha.
 25875 | Orc:2    | Reached skill level 5 in Shields
 26497 | Orc:2    | Found a roughly hewn altar of Beogh.
 26497 | Orc:2    | Found Ziubimuq's Book Emporium.
 27597 | D:11     | Reached skill level 14 in Stealth
 30247 | D:12     | Found a runed translucent door.
 31609 | D:13     | Noticed Jorgrun
 31949 | D:13     | Found Fiannute's Distillery.
 31979 | D:13     | Bought 2 potions of haste for 280 gold pieces
 31979 | D:13     | Bought a potion of heal wounds for 70 gold pieces
 31979 | D:13     | Bought a potion of heal wounds for 70 gold pieces
 31983 | D:13     | Bought the ring of Shadows {Umbra +Inv Stlth+} for 680 gold
                  | pieces
 31983 | D:13     | Found the ring of Shadows {Umbra +Inv Stlth+}
 32132 | D:13     | Killed Jorgrun
 32132 | D:13     | Reached skill level 15 in Stealth
 32132 | D:13     | Reached XP level 15. HP: 43/75 MP: 0/34
 34224 | D:14     | Found a gate to the Vaults.
 35018 | D:14     | Noticed Agnes
 35025 | D:14     | Killed Agnes
 35361 | D:15     | Entered Level 15 of the Dungeon
 35378 | D:15     | Found a staircase to the Depths.
 35941 | D:15     | Noticed Kirke
 35974 | D:15     | Killed Kirke
 35974 | D:15     | Reached skill level 10 in Dodging
 35974 | D:15     | Reached skill level 16 in Stealth
 36724 | D:15     | Found a white marble altar of Elyvilon.
 36821 | D:15     | Noticed Josephine
 36925 | D:15     | Killed Josephine
 37704 | D:15     | Found a runed translucent gate.
 37704 | D:15     | Found a runed translucent gate.
 37704 | D:15     | Found a runed translucent gate.
 37704 | D:15     | Noticed PeSeC's ghost (journeyman MiFi)
 37706 | D:15     | Found an iron altar of Okawaru.
 39539 | D:14     | Learned a level 3 spell: Summon Guardian Golem
 39877 | D:14     | HP: 3/75 [PeSeC's ghost (7)]
 39915 | D:14     | Killed PeSeC's ghost
 41280 | Lair:1   | Entered Level 1 of the Lair of Beasts
 41401 | Lair:1   | Found a transporter.
 41406 | Lair:1   | Found a transporter.
 41407 | Lair:1   | Noticed Uziduoj's ghost (journeyman MfSu)
 41467 | Lair:1   | Reached skill level 15 in Spellcasting
 42941 | Lair:2   | Found a runed translucent gate.
 42941 | Lair:2   | Found a runed translucent gate.
 42941 | Lair:2   | Found a runed translucent gate.
 42942 | Lair:2   | Noticed Duaji's ghost (journeyman GrFi)
 43092 | Lair:2   | Noticed Nergalle
 43099 | Lair:2   | Killed Nergalle
 43433 | Lair:2   | Killed Duaji's ghost
 43810 | Lair:3   | Found a gate leading to a gauntlet.
 43836 | Gauntlet | Entered a Gauntlet
 43836 | Gauntlet | Found a transporter.
 43839 | Gauntlet | Found a transporter.
 43840 | Gauntlet | Found a transporter.
 43841 | Gauntlet | Found a transporter.
 43844 | Gauntlet | Found a transporter.
 43845 | Gauntlet | Found a transporter.
 43853 | Gauntlet | Found a transporter.
 43855 | Gauntlet | Found a transporter.
 43926 | Gauntlet | Found a transporter.
 43941 | Gauntlet | Found a runed translucent door.
 43946 | Gauntlet | Found a transporter.
 43966 | Gauntlet | Found a transporter.
 43987 | Gauntlet | Found a transporter.
 44103 | Gauntlet | Got a warped cloak
 44113 | Gauntlet | Reached XP level 16. HP: 35/80 MP: 14/36
 44122 | Gauntlet | HP: 2/80 [death scarab (10)]
 44123 | Gauntlet | Slain by a death scarab

Skill      XL: |  1  2  3  4  5  6  7  8  9 10 11 12 13 14 15 |
---------------+----------------------------------------------+-----
Spellcasting   | 3 4 5 6 7 8 9 12 14 15 | 15.3
Stealth        | 4 5 6 7 8 9 10 12 13 15 16 | 16.5
Fighting       | 1 2 3 4 7 |  7.0
Short Blades   | 1 2 3 4 5 6 9 10 | 10.0
Dodging        | 4 5 6 7 8 11 | 11.4
Conjurations   | 3 4 |  4.3
Transmutations | 1 3 4 6 7 9 10 11 13 | 13.4
Air Magic      | 1 3 5 |  5.6
Summonings     | 1 3 4 5 |  5.0
Shields        | 2 4 6 7 |  7.5

Action                   |  1- 3 |  4- 6 |  7- 9 | 10-12 | 13-15 | 16-18 || total
-------------------------+-------+-------+-------+-------+-------+-------++-------
Melee: Club              |     5 |       |       |       |       |       ||     5
       Unarmed           |     1 |       |       |       |       |       ||     1
       Dagger            |    59 |    12 |   266 |   602 |  1877 |       ||  2816
       Demon blade       |       |       |       |       |     1 |       ||     1
Throw: Stone             |    17 |       |       |       |       |       ||    17
       Throwing net      |       |       |       |       |     6 |       ||     6
 Cast: Magic Dart        |    98 |   213 |   579 |   582 |   228 |       ||  1700
       Summon Lightning  |       |       |       |    18 |    87 |       ||   105
       Iskenderun's Myst |       |       |       |    33 |   103 |       ||   136
       Summon Guardian G |       |       |       |       |     3 |       ||     3
       Statue Form       |       |       |       |       |     1 |       ||     1
Invok: Call Merchant     |       |       |       |     1 |     1 |       ||     2
Evoke: Wand              |       |       |     5 |    45 |    43 |       ||    93
       Lamp of fire      |       |       |       |       |     2 |       ||     2
       Fan of gales      |       |       |       |       |     1 |       ||     1
  Use: Scroll            |     5 |     5 |    14 |     9 |    17 |     1 ||    51
       Potion            |       |     1 |    11 |     6 |    27 |     1 ||    46
 Stab: Sleeping          |     7 |       |     5 |     7 |    63 |       ||    82
       Distracted        |       |       |     1 |     1 |    20 |       ||    22
       Held in net/web   |       |       |       |       |     2 |       ||     2
  Eat: Ration            |       |     1 |     4 |     5 |    13 |       ||    23
Armor: Robe              |     8 |     2 |    18 |     8 |    39 |       ||    75
       Skin              |       |       |    10 |       |    35 |       ||    45
Dodge: Dodged            |    73 |    36 |   367 |   380 |   842 |     6 ||  1704
Block: Other             |     3 |    11 |       |       |       |       ||    14
       Buckler           |       |       |     8 |   155 |   541 |     4 ||   708
